Map: Eternal Empire LE

Players

AqueroN

  • Race: Terran Terran
  • League: Grandmaster
  • Spawn Location: 7:00

uwuThermal (uThermal) - Winner!

  • Race: Terran Terran
  • League: Grandmaster
  • Spawn Location: 1:00

Event: DreamHack SC2 Masters 2020 Fall

VOD

Have the link to the VOD?

Description

Time

  • Played on: Sept. 6, 2020, 2 p.m.
  • Length: 15:09

All games in this series

Show
View Real Time Build Order
Export as new Build Order

AqueroN Terran 

Build Orders:  

Get SALT Encoding   

  12  0:00  SCV  
  13  0:12  SCV  
  14  0:17  Supply Depot  
  14  0:24  SCV  
  15  0:31  Refinery  
  15  0:38  SCV  
  16  0:44  Barracks  
  16  0:51  SCV  
  17  0:58  Refinery  
  17  1:03  SCV  
  18  1:15  SCV  
  19  1:31  Reaper, Orbital Command  
  20  1:36  Factory  
  20  1:47  Supply Depot  
  20  1:56  SCV  
  21  2:03  Reaper  
  22  2:08  SCV  
  23  2:20  SCV, Hellion  
  26  2:28  Command Center  
  26  2:35  SCV  
  26  2:36  Reaper  
  28  2:40  Supply Depot  
  28  2:43  Hellion  
  30  2:47  SCV  
  31  2:53  Starport  
  31  3:00  SCV  
  31  3:06  Factory Tech Lab  
  31  3:11  Barracks Reactor  
  31  3:12  SCV  
  31  3:24  SCV, Cyclone  
  35  3:31  Starport Tech Lab  
  35  3:36  SCV  
  35  3:41  Orbital Command  
  36  3:45  Refinery  
  36  3:47  Marine x2  
  36  3:48  SCV  
  39  3:52  Raven  
  41  4:00  SCV  
  42  4:04  Marine  
  42  4:05  Marine  
  42  4:07  SCV  
  45  4:10  Siege Tank  
  45  4:12  SCV  
  45  4:14  Supply Depot  
  49  4:20  SCV  
  49  4:22  Marine  
  49  4:23  Marine  
  52  4:25  SCV  
  52  4:27  Supply Depot  
  53  4:32  SCV  
  53  4:35  Raven  
  53  4:37  SCV  
  57  4:39  Supply Depot  
  57  4:40  Marine  
  57  4:45  SCV  
  59  4:50  Marine  
  59  4:51  SCV  
  61  4:57  SCV  
  61  5:00  Command Center  
  61  5:03  SCV, Siege Tank  
  65  5:09  SCV, Supply Depot  
  68  5:15  SCV  
  68  5:21  SCV  
  68  5:27  SCV  
  68  5:28  Viking x2  
  73  5:32  Engineering Bay x2  
  73  5:33  SCV, Marine  
  75  5:39  SCV, Refinery  
  75  5:40  Supply Depot  
  76  5:45  SCV  
  76  5:46  Siege Tank  
  80  5:52  SCV, Supply Depot  
  81  5:58  Viking x2  
  81  6:01  SCV  
  86  6:09  Terran Infantry Weapons Level 1, Terran Infantry Armor Level 1  
  86  6:11  SCV  
  87  6:13  SCV  
  87  6:15  Marine  
  89  6:23  Barracks, Siege Tank  
  89  6:24  Barracks  
  89  6:25  SCV  
  93  6:26  SCV  
  93  6:31  Viking  
  96  6:36  Orbital Command  
  96  6:37  SCV  
  96  6:38  SCV  
  98  6:44  Supply Depot, Stimpack  
  98  6:45  Marine  
  99  6:49  SCV  
  99  6:50  SCV  
  99  6:52  Viking  
  103  7:01  SCV, Liberator  
  107  7:02  SCV, Refinery, Marine  
  107  7:03  Supply Depot  
  107  7:04  SCV  
  110  7:08  Siege Tank  
  110  7:12  Barracks Reactor  
  110  7:13  SCV  
  110  7:14  Barracks  
  114  7:16  Barracks Reactor, SCV  
  114  7:17  SCV  
  114  7:18  Barracks  
  114  7:20  Marine  
  115  7:25  SCV  
  115  7:27  Refinery  
  115  7:29  SCV x2  
  118  7:35  Armory  
  118  7:36  Viking  
  118  7:37  SCV  
  118  7:38  Marine  
  118  7:41  SCV x2  
  118  7:42  Supply Depot  
  118  7:43  Supply Depot  
  122  7:48  Sensor Tower  
  122  7:49  SCV  
  122  7:51  Siege Tank  
  126  7:52  Marine  
  126  7:53  SCV x2, Marine x3  
  126  7:56  Supply Depot  
  126  7:57  Supply Depot  
  132  8:03  Command Center  
  132  8:10  Barracks Tech Lab x2  
  132  8:12  SCV x3  
  135  8:13  Viking  
  135  8:16  Viking  
  135  8:18  Marine x2  
  135  8:19  Supply Depot, Marine  
  142  8:20  Marine  
  142  8:23  Marauder  
  142  8:26  Terran Infantry Weapons Level 2  
  145  8:28  Supply Depot  
  145  8:30  Terran Infantry Armor Level 2  
  145  8:36  Marauder x2  
  145  8:37  Concussive Shells, Marine x2  
  145  8:38  Combat Shield  
  151  8:43  Viking  
  151  8:45  Viking  
  155  8:50  Marine x2  
  155  8:53  Siege Tank  
  160  9:00  Marauder x3  
  160  9:01  Marine x2  
  168  9:08  Barracks x2  
  168  9:09  Barracks  
  166  9:17  Viking x2  
  166  9:20  SCV x3  
  166  9:21  Marauder x2  
  177  9:30  Command Center, Siege Tank  
  180  9:35  Marine  
  180  9:36  Marine x3  
  184  9:38  Terran Ship Weapons Level 1  
  184  9:40  Starport  
  184  9:42  SCV  
  184  9:43  SCV, Armory  
  186  9:46  Marauder  
  187  9:53  SCV  
  187  9:54  SCV, Refinery, Orbital Command  
  187  9:57  Refinery  
  187  9:58  Barracks Tech Lab x2  
  187  9:59  Barracks Tech Lab  
  189  10:01  Marine x2  
  189  10:04  Marine x2  
  192  10:07  Marauder  
  194  10:14  Marauder  
  195  10:21  Marauder  
  195  10:26  Medivac x2  
  195  10:27  Marauder  
  195  10:30  Supply Depot  
  195  10:33  Starport Reactor, Terran Vehicle And Ship Armor Level 1  
  195  10:37  Starport  
  195  10:40  Starport  
  195  10:42  Marauder x2  
  199  10:48  Command Center  
  199  10:54  Command Center  
  199  11:00  Terran Infantry Weapons Level 3, Terran Infantry Armor Level 3  
  199  11:20  Starport Reactor x2  
  199  11:26  Marauder  
  199  11:27  Command Center  
  199  11:28  Viking  
  199  11:31  Viking x2  
  199  11:32  Liberator  
  191  11:33  Unknown  
  191  11:34  Marauder x2  
  191  11:35  Marauder x2  
  198  11:43  Marine x2  
  198  11:44  Marine  
  198  11:45  Siege Tank  
  181  11:58  Viking  
  176  12:01  Viking  
  176  12:05  Viking  
  176  12:06  Viking x4  
  176  12:08  Marauder x3  
  180  12:10  Marauder  
  176  12:16  Marine  
  176  12:17  Siege Tank  
  174  12:25  Supply Depot  
  144  12:37  Liberator  
  136  12:50  Liberator x2  
  137  12:56  Marine x3  
  137  12:57  Marine x4  
  131  13:14  Liberator  
  131  13:18  Marine x2  
  128  13:43  Marine  
  128  13:48  Marine x2  
  127  13:50  Marine  
Show
View Real Time Build Order
Export as new Build Order

uwuThermal Terran - Winner!

Build Orders: Mech 

Get SALT Encoding   

  12  0:00  SCV  
  13  0:12  SCV  
  14  0:17  Supply Depot  
  14  0:24  SCV  
  14  0:27  Refinery  
  15  0:38  SCV  
  16  0:44  Barracks  
  16  0:50  SCV  
  16  0:55  Refinery  
  17  1:03  SCV  
  18  1:15  SCV  
  19  1:31  Reaper, Orbital Command  
  20  1:38  Factory  
  20  1:55  Supply Depot  
  20  1:58  SCV  
  21  2:03  Reaper  
  22  2:10  SCV  
  23  2:22  SCV, Hellion  
  26  2:34  SCV  
  26  2:36  Command Center  
  27  2:40  Barracks Reactor  
  27  2:43  Factory Tech Lab  
  27  2:47  Supply Depot  
  27  2:48  SCV  
  28  3:02  Cyclone  
  31  3:09  SCV  
  31  3:11  Starport  
  32  3:21  Marine x2  
  32  3:23  SCV  
  35  3:32  Refinery  
  35  3:35  SCV  
  35  3:38  Marine  
  35  3:39  Marine  
  35  3:40  Factory Tech Lab  
  38  3:47  SCV  
  39  3:49  Orbital Command  
  39  3:53  Raven  
  41  3:56  Marine  
  41  3:59  SCV, Marine  
  44  4:07  Siege Tank  
  47  4:11  SCV  
  47  4:14  SCV  
  49  4:17  Supply Depot  
  49  4:18  Marine  
  49  4:19  Marine  
  49  4:24  SCV  
  52  4:26  SCV  
  53  4:36  SCV  
  54  4:38  Raven  
  56  4:47  SCV, Command Center  
  56  4:48  SCV  
  58  4:54  Supply Depot  
  58  4:56  Siege Tank  
  60  5:01  SCV  
  60  5:02  Refinery  
  60  5:03  SCV  
  60  5:06  Supply Depot  
  62  5:15  Marine x2  
  62  5:18  SCV  
  62  5:19  SCV  
  66  5:21  Raven  
  66  5:24  Supply Depot  
  68  5:28  Siege Tank  
  68  5:31  SCV  
  68  5:33  SCV, Marine x2  
  75  5:39  Supply Depot  
  75  5:44  SCV  
  75  5:45  SCV  
  77  5:56  SCV  
  78  5:57  SCV  
  78  6:00  Siege Tank  
  78  6:02  Orbital Command  
  81  6:08  SCV  
  81  6:09  SCV  
  82  6:12  Viking x2  
  85  6:20  SCV, Factory  
  85  6:21  Barracks Reactor  
  85  6:23  Factory  
  85  6:25  SCV  
  87  6:27  Engineering Bay  
  87  6:29  Orbital Command  
  88  6:32  Siege Tank  
  88  6:34  SCV  
  88  6:37  SCV  
  89  6:43  Viking x2  
  89  6:46  SCV  
  94  6:49  SCV  
  95  6:56  Refinery  
  95  6:58  SCV, Refinery  
  96  7:01  Missile Turret  
  96  7:06  SCV, Siege Tank  
  100  7:11  Supply Depot, Siege Tank  
  100  7:12  Supply Depot  
  100  7:13  SCV  
  104  7:17  Viking  
  104  7:20  Viking  
  104  7:22  Hellion  
  109  7:28  Supply Depot  
  109  7:33  SCV, Armory  
  109  7:34  Armory  
  109  7:36  Supply Depot  
  109  7:37  SCV x2  
  109  7:42  Siege Tank  
  114  7:45  SCV  
  114  7:49  SCV  
  114  7:50  SCV, Missile Turret x2  
  114  7:51  Missile Turret  
  117  7:54  Viking  
  117  7:56  Viking  
  117  7:57  SCV  
  122  8:00  Siege Tank  
  122  8:02  SCV  
  122  8:03  Supply Depot  
  126  8:06  Hellion  
  126  8:10  SCV  
  129  8:14  SCV  
  129  8:15  Siege Tank  
  129  8:17  Sensor Tower  
  133  8:22  Terran Vehicle Weapons Level 1  
  133  8:23  Supply Depot, Terran Vehicle And Ship Armor Level 1  
  133  8:24  Hellion  
  135  8:27  Hellion  
  135  8:32  Command Center  
  137  8:34  Siege Tank  
  137  8:39  Viking  
  137  8:40  Viking  
  144  8:45  Supply Depot  
  144  8:47  Siege Tank  
  144  8:48  Hellion  
  149  8:50  Hellion  
  149  8:52  Supply Depot  
  151  8:57  Supply Depot  
  151  9:00  Factory  
  151  9:01  Factory  
  150  9:06  Siege Tank  
  150  9:09  Hellion  
  155  9:10  Viking  
  155  9:15  Viking  
  156  9:21  Siege Tank  
  156  9:22  Missile Turret  
  156  9:23  SCV, Missile Turret  
  160  9:24  Missile Turret  
  160  9:25  Supply Depot  
  160  9:29  Supply Depot, Hellion  
  162  9:35  SCV x3  
  165  9:40  Smart Servos, Infernal Pre-Igniter  
  165  9:42  Viking  
  165  9:45  Viking  
  169  9:47  SCV  
  169  9:48  Factory Reactor, Factory Tech Lab  
  169  9:49  SCV  
  169  9:50  SCV  
  172  10:00  Thor  
  172  10:01  Hellion x2  
  172  10:04  Refinery  
  172  10:05  SCV  
  183  10:07  Refinery  
  183  10:12  Thor  
  185  10:25  Hellion x2  
  185  10:26  Viking x2  
  189  10:32  Planetary Fortress  
  189  10:34  Hellion  
  189  10:35  SCV x2  
  193  10:37  Missile Turret  
  193  10:44  Command Center  
  193  10:47  Terran Vehicle Weapons Level 2  
  193  10:51  Terran Vehicle And Ship Armor Level 2  
  193  10:58  Thor  
  199  11:14  Siege Tank  
  199  11:17  Command Center  
  200  11:20  Command Center  
  200  11:22  Sensor Tower  
  200  11:41  Missile Turret x3  
  200  11:42  Missile Turret, Siege Tank  
  200  11:44  Siege Tank  
  200  11:46  Hellion, Siege Tank  
  191  11:48  Liberator  
  188  12:03  Hellion  
  181  12:09  Hellion  
  181  12:10  Liberator  
  181  12:14  Hellion, Siege Tank  
  183  12:17  Hellion, Missile Turret  
  177  12:26  Hellion  
  177  12:28  Siege Tank  
  173  12:30  Hellion  
  173  12:33  Orbital Command  
  173  12:36  Hellion  
  166  12:38  Hellion  
  160  12:47  Hellion  
  134  13:22  Hellion x4  
  130  13:49  Thor  
  131  14:08  Thor  
  135  14:12  SCV x2  
  135  14:24  SCV  
  135  14:25  SCV  
  137  14:37  SCV  

Tags
 
Add a new tag
Caveats
  • Supply blocks, unpowered buildings, or Contaminate may cause inaccurate times.
  • Supply counts are checked every 10 seconds.